Cogmind - Beta 15 @@@ ROGUE MODE // 2025.10.08 @ 19:48:50 Player: DietSnapple Result: Destroyed by D-53 Grenadier with Mini Grenade Launcher Performance ------------- Evolutions (0) 0 Regions Visited (2) 400 Robots Destroyed (19) 95 Value Destroyed (388) 388 Prototype IDs (3) 60 Alien Tech Used (0) 0 Bonus (0) 0 TOTAL SCORE: 943 Bonus ------- None Cogmind --------- Core Integrity 0/250 Matter 291/300 Energy 100/100 System Corruption 2% Temperature Cool (3) Movement Core (50) Location -10/Mines Parts ------- > --- POWER (1) -------- (None) > --- PROPULSION (2) --- (None) > --- UTILITY (2) ------ (None) > --- WEAPON (2) ------- (None) > --- INVENTORY (5) ---- Wheel Structural Scanner Weapon Shielding Hardened Light Armor Plating Rocket Launcher Peak State ------------ > --- POWER ------------ Ion Engine > --- PROPULSION ------- Light Treads Improved Treads > --- UTILITY ---------- Large Storage Unit Experimental Sensor Array > --- WEAPON ----------- Medium Laser > --- INVENTORY -------- Light Ion Engine Light Treads Wheel Compact Wheel Structural Scanner Seismic Detector Core Shielding Weapon Shielding Hardened Light Armor Plating Beam Cannon Grenade Launcher Rocket Launcher [Rating: 16] Favorites ----------- Power Ion Engine Engine Ion Engine Propulsion Light Treads Treads Light Treads Flight Unit Flight Unit Utility Seismic Detector Device Seismic Detector Storage Large Storage Unit Weapon Medium Laser Energy Gun Medium Laser Build | -11 -10 -10 ------- Run | Yrd Mat Min Slots Evolved . | . . . Power . | . . . Propulsion . | . . . Utility . | . . . Weapon . | . . . Parts Attached 17 | 6 8 3 Power 4 | 1 2 1 Engine 4 | 1 2 1 Core . | . . . Reactor . | . . . Propulsion 4 | 2 1 1 Treads 3 | 2 1 . Leg . | . . . Wheel . | . . . Hover . | . . . Flight 1 | . . 1 Utility 5 | 1 3 1 Device 3 | . 2 1 Storage 2 | 1 1 . Processor . | . . . Hackware . | . . . Protection . | . . . Artifact . | . . . Weapon 4 | 2 2 . Energy Gun 4 | 2 2 . Energy Cannon . | . . . Ballistic Gun . | . . . Ballistic Cannon . | . . . Launcher . | . . . Special Weapon . | . . . Impact Weapon . | . . . Slashing Weapon . | . . . Piercing Weapon . | . . . Special Melee Weapon . | . . . Unidentified Prototypes 1 | . . 1 Parts Lost 6 | . . 6 Power 1 | . . 1 Propulsion 3 | . . 3 Utility 1 | . . 1 Weapon 1 | . . 1 Highest Loss Streak 3 | . . 3 To Critical Strikes . | . . . Average Backups 8 | 1 9 9 Power 1 | . 1 . Propulsion 2 | . 2 2 Utility 2 | . 2 4 Weapon 1 | . 1 2 Tool/Special . | . . . Unused Backups 10 | . . 10 Power 1 | . . 1 Propulsion 2 | . . 2 Utility 4 | . . 4 Weapon 3 | . . 3 Tool/Special . | . . . Average Slot Usage (%) 92 | . 97 67 Engine 13 | . 14 13 Treads 26 | . 27 18 Device 11 | . 11 9 Storage 13 | . 14 9 Energy Gun 25 | . 28 11 Peak Build Rating 16 | 6 9 16 Average Rating 7 | 4 8 7 On Entrance 5 | . 6 9 Naked Turns 13 | . . 13 Heaviest Build 30 | 12 30 30 Greatest Support 43 | 40 43 43 Greatest Overweight (x) 4 | . 4 1 Average Overweight (x) . | . . . Largest Inventory Capacity 15 | 8 15 15 Average Capacity 11 | 6 12 11 Most Carried 12 | 3 11 12 Average Carried 8 | 1 9 9 Final Capacity 15 | 8 15 5 Final Carried 11 | 3 11 5 Class Distribution -------------------- 100% | Mutant Dominant Class ---------------- Mutant | -10/Materials Mutant | -10/Mines Resources | -11 -10 -10 ----------- Run | Yrd Mat Min Matter Collected 364 | 207 143 14 Remotely . | . . . Salvage Created 550 | . 506 44 Parts 40 | . 33 7 Haulers Intercepted 1 | . 1 . Recyclers Shooed 1 | . 1 . Parts Field Recycled . | . . . Retrieved Matter . | . . . Parts Self-Destructed . | . . . Prevented . | . . . Kills | -11 -10 -10 ------- Run | Yrd Mat Min Combat Hostiles Destroyed 16 | . 13 3 Guns 16 | . 13 3 Classes Destroyed 5 | . 5 . Builder 1 | . 1 . Hauler 1 | . 1 . Operator 1 | . 1 . Swarmer 8 | . 5 3 Grunt 8 | . 8 . Best Kill Streak 3 | . 3 3 Combat Bots Only 3 | . 3 3 Max Kills in Single Turn 2 | . 2 1 Gunslinging 1 | . 1 . Exploded . | . . . Melee . | . . . Uniques/NPCs Destroyed . | . . . Combat | -11 -10 -10 -------- Run | Yrd Mat Min Hostile Shots Fired 82 | . 56 26 Missed 15 | . 14 1 Hits 67 | . 42 25 Melee 1 | . . 1 Projectile 66 | . 42 24 AOE 7 | . . 7 Damage Taken 947 | . 455 492 Core 264 | . 85 179 Absorbed by Shields . | . . . Core Remaining (%) 100 | 100 . . Volleys Fired 51 | . 41 10 Largest 2 | . 2 2 Hottest 100 | . 100 100 Shots Fired 94 | . 82 12 Gun 94 | . 82 12 Cannon . | . . . Launcher . | . . . Special . | . . . Kinetic . | . . . Thermal 94 | . 82 12 Explosive . | . . . Electromagnetic . | . . . Robot Hit Streak 6 | . 6 4 Robot Miss Streak 2 | . 2 2 Penetration Max . | . . . Secondary Targets 2 | . 2 . Max Gunslinging Chain 1 | . 1 . Shots Hit Robots 61 | . 55 6 Core Hits 30 | . 27 3 Critical Kills . | . . . Critical Parts Destroyed . | . . . Critical Strikes 9 | . 8 1 Burn 9 | . 8 1 Melee Attacks . | . . . Impact . | . . . Slashing . | . . . Piercing . | . . . Sneak Attacks . | . . . Combat Hostiles . | . . . Follow-up Attacks . | . . . Damage Inflicted 800 | . 725 75 Guns 788 | . 713 75 Cannons . | . . . Explosions . | . . . Melee . | . . . Ramming 12 | . 12 . Kinetic . | . . . Thermal 788 | . 713 75 Explosive . | . . . Electromagnetic . | . . . Impact . | . . . Slashing . | . . . Piercing . | . . . Highest Corruption 2 | . . 2 Average Corruption 2 | . . 2 Corruption Purged . | . . . Corruption Blocked . | . . . Effects 1 | . . 1 Matter Fused 1 | . . 1 Overload Shots . | . . . Overflow Damage . | . . . Projectiles . | . . . Explosions . | . . . Melee . | . . . Knockbacks . | . . . Impact . | . . . Kinetic . | . . . Secondary . | . . . Self-Inflicted Damage . | . . . Shots . | . . . Rammed 2 | . 2 . Targets Rammed 2 | . 2 . Kicked . | . . . Crushed . | . . . Highest Temperature 299 | . 299 158 Average Temperature 87 | . 86 93 Received Heat Transfer 156 | . 156 . Effects 1 | . 1 . Energy Bleed 1 | . 1 . Siege Activations . | . . . Martial Activations . | . . . Shielding Activations . | . . . Robots Disrupted . | . . . Combat Hostiles . | . . . Robots Corrupted . | . . . Combat Hostiles . | . . . Parts Fried . | . . . Impact Corruptions . | . . . Robots Melted . | . . . Combat Hostiles . | . . . Parts Melted 5 | . 4 1 Heat Transferred 2997 | . 2701 296 Parts Sabotaged . | . . . Parts Stolen . | . . . Parts Stripped . | . . . Power Chain Reactions . | . . . Alert | -11 -10 -10 ------- Run | Yrd Mat Min Maximum Alert Level . | . . . Low Security (%) 100 | 100 100 100 Level 1 . | . . . Level 2 . | . . . Level 3 . | . . . Level 4 . | . . . Level 5 . | . . . High Security . | . . . Max Security . | . . . Peak Influence 120 | . 120 50 Initial 5 | . . 5 Average 19 | . 23 11 Influence Increases 462 | . 362 100 Destroy 0b10 Robot/C 320 | . 260 60 Destroy 0b10 Robot/NC 15 | . 15 . Destroy Leader 72 | . 62 10 Successful Hack 25 | . 25 . Lose Combat Pursuer 30 | . . 30 Influence Decreases 462 | . 348 114 Entered New Map 9 | . . 9 Time Decay 443 | . 348 95 Lost Part 10 | . . 10 Squads Dispatched 4 | . 4 . Investigation 3 | . 3 . Extermination . | . . . Reinforcement 1 | . 1 . Assault . | . . . Garrison . | . . . Intercept . | . . . Searches Triggered . | . . . Construction Impeded . | . . . Haulers Reinforced . | . . . Active Scanning Responses . | . . . Cargo Convoy Interrupts . | . . . Stealth | -11 -10 -10 --------- Run | Yrd Mat Min Distress Signals . | . . . Communications Jammed . | . . . Distress Signals . | . . . Times Spotted 36 | . 23 13 Peak Tracking Total 6 | . 4 6 Tactical Retreats 1 | . . 1 Traps | -11 -10 -10 ------- Run | Yrd Mat Min Traps Triggered 4 | . 4 . Indirectly . | . . . Trap Hack Attempts . | . . . Triggered . | . . . Disarmed . | . . . Reprogrammed . | . . . Reused . | . . . Traps Extracted . | . . . Installed . | . . . Triggered . | . . . Machines | -11 -10 -10 ---------- Run | Yrd Mat Min Machines Disabled . | . . . Max in Single Turn . | . . . Machines Repaired . | . . . Machines Dismantled . | . . . Machines Sabotaged . | . . . Overloaded Fab Kills . | . . . Hacking | -11 -10 -10 --------- Run | Yrd Mat Min Machines Accessed 9 | . 9 . Terminals 7 | . 7 . Fabricators . | . . . Repair Stations . | . . . Recycling Units 2 | . 2 . Scanalyzers . | . . . Garrison Access . | . . . Total Hacks 31 | . 31 . Successful 16 | . 16 . Failed 15 | . 15 . Catastrophic 2 | . 2 . Database Lockouts . | . . . Manual 26 | . 26 . Terminals 27 | . 27 . Fabricators . | . . . Repair Stations . | . . . Recycling Units 4 | . 4 . Scanalyzers . | . . . Garrison Access . | . . . Terminal Hacks 3 | . 3 . Prototype ID Bank 1 | . 1 . Terminal Index 1 | . 1 . Hauler Manifests 1 | . 1 . Fabricator Hacks . | . . . Repair Station Hacks . | . . . Recycling Unit Hacks 3 | . 3 . Report Inventory 2 | . 2 . Retrieve Components 1 | . 1 . Scanalyzer . | . . . Garrison Access Hacks . | . . . Unauthorized Hacks 10 | . 10 . Terminals 10 | . 10 . Assimilate 1 | . 1 . Botnet 2 | . 2 . Operators 1 | . 1 . Skim 6 | . 6 . Fabricators . | . . . Repair Stations . | . . . Recycling Units . | . . . Scanalyzers . | . . . Garrison Access . | . . . Data Cores Recovered . | . . . Used . | . . . Hacking Detections 7 | . 7 . Full Trace Events 3 | . 3 . Feedback Events . | . . . Feedback Blocked . | . . . Robot Schematics Acquired . | . . . Robots Built . | . . . Authchips . | . . . Time . | . . . Total Robot Build Rating . | . . . Part Schematics Acquired . | . . . Parts Built . | . . . Authchips . | . . . Time . | . . . Total Part Build Rating . | . . . Parts Repaired . | . . . Time . | . . . Parts Recycled . | . . . Recycled Matter . | . . . Retrieved Matter . | . . . Retrieved Components 3 | . 3 . Parts Scanalyzed . | . . . Part Schematics Acquired . | . . . Parts Damaged . | . . . Bothacking | -11 -10 -10 ------------ Run | Yrd Mat Min Used RIF Installer . | . . . Robots Hacked . | . . . Non-combat . | . . . Combat . | . . . Robot Hacks Applied . | . . . Relay Couplers Released . | . . . Fabnet Peak Effective % . | . . . Robots Rewired . | . . . Allies Hacked . | . . . Hacks Repelled . | . . . Allies | -11 -10 -10 -------- Run | Yrd Mat Min Total Allies . | . . . Largest Group . | . . . Highest-Rated Group . | . . . Highest-Rated Ally . | . . . Total Orders . | . . . Ally Attacks . | . . . Total Damage . | . . . Kills . | . . . Allies Corrupted . | . . . Allies Melted . | . . . Intel | -11 -10 -10 ------- Run | Yrd Mat Min Active Infowar (turns) 1754 | . 1526 228 Sensors 48 | . . 48 Seismic 1706 | . 1526 180 Robot Analysis Total . | . . . Derelict Logs Recovered . | . . . Drone Launches . | . . . Drone Recoveries . | . . . Exploration | -11 -10 -10 ------------- Run | Yrd Mat Min Turns Passed 2291 | 178 1782 331 Spaces Moved 1218 | 110 939 169 Core 34 | 8 1 25 Treads 1161 | 102 938 121 Legs . | . . . Wheels . | . . . Hover . | . . . Flight 23 | . . 23 Fastest Speed 40 | 50 160 40 Average Speed 154 | 152 160 128 Slowest Speed 250 | 160 250 240 Overloaded Moves . | . . . Propulsion Burnouts . | . . . Robots Hopped 1 | . . 1 Potential Cave-ins . | . . . Cave-ins Triggered . | . . . Exploration Rate (%) 41 | 6 96 23 Regions Visited 2 Branch Regions 1 Pre-discovered Areas . | . . . Known Exits Taken . | . . . Unknown Exits Taken 2 | 1 1 . Scrap Searched . | . . . Spaces Dug . | . . . Terrain Destroyed . | . . . Melee . | . . . Projectile . | . . . AOE . | . . . Terrain Rammed . | . . . Walls Destroyed . | . . . Machines Disabled . | . . . Actions | -11 -10 -10 --------- Run | Yrd Mat Min Total 1518 | 118 1131 269 Wait 217 | . 130 87 Move 1214 | 109 938 167 Hop 1 | . . 1 Pick Up 10 | 3 6 1 Fast Attach 11 | 6 3 2 Attach . | . . . Detach . | . . . Swap 9 | . 8 1 Drop 3 | . 3 . Fire 51 | . 41 10 Melee . | . . . Ram . | . . . Kick . | . . . Crush 2 | . 2 . Escape Stasis . | . . . Rewire . | . . . Trap . | . . . Miscellaneous . | . . . Route ------- -11/Scrapyard -10/Materials (discovered 5 exits: [*Mat x3] / [*Min x2]) -10/Mines History --------- Turn | Location | Event 4 | -11/Scrapyard | Discovered new exit (range 16) 179 | -11/Scrapyard | Entered Materials 315 | -10/Materials | Build established: Mutant 549 | -10/Materials | Discovered new exit (range 9) 827 | -10/Materials | Discovered new exit (range 12) 846 | -10/Materials | Discovered new exit (range 6) 1146 | -10/Materials | Discovered new exit (range 5) 1485 | -10/Materials | Discovered new exit (range 9) 1961 | -10/Materials | Entered Mines 2037 | -10/Mines | Received a Rocket Launcher from a helpful Derelict 2133 | -10/Mines | Assembled infested the area 2138 | -10/Mines | Found a damaged Exp. Sensor Array with a note attached 2141 | -10/Mines | Found Prototype Device 2141 | -10/Mines | Identified Exp. Sensor Array 2189 | -10/Mines | Core integrity fell below 50% 2190 | -10/Mines | Released all parts (3) 2220 | -10/Mines | Lost 3 parts (2n1u) 2292 | -10/Mines | Destroyed by D-53 Grenadier with Mini Grenade Launcher Last Messages --------------- 02188_ as-12022 destroyed. 02188_ Lgt. Treads destroyed. 02189_ Exp. Sensor Array destroyed. 02189_ System corrupted by crushing effect (+2). 02189_ K-01 Serf collects debris. 02190_ as-44750 destroyed. 02190_ Released Ion Engine. 02190_ Released Med. Laser. 02190_ Released Lrg. Storage Unit. 02191_ The unstable cave ceiling collapses. 02192_ as-84319 destroyed. 02192_ U-05 Engineer lays Concrete. 02194_ U-05 Engineer builds a Wall. 02203_ Acquired Flight Unit. 02206_ Acquired Lgt. Ion Engine. 02208_ Acquired 14 matter. 02281_ System corrupted: Matter fused (-5). 02292_ Pressure Siphon disabled. 02292_ Lgt. Ion Engine destroyed. 02292_ Flight Unit destroyed. Map ----- +----------------------------------------------------+ | ???????????????????????????????????????????? | | ???????????????????????????????????????????? | | ????????#####??????????????????????????????? | | ???????## ##?????????????????????????????? | | ??????## #?????????????????????????????? | | ??????# #######???????????????????????? | | ??????# #???????????????????????? | | ??????# #### #???????????????????????? | | ??????# #??# #???????????????????????? | | ??????# #??# #???????????????????????? | | ??????# #### ##??????????????????????? | | ??????## #??????????????????????? | | ???????## #??????????????????????? | | ???????## ### #??????????????????????? | | ?????### ##?# #??????????????????????? | | ????## ####??# #??????????????????????? | | ????# ##?????# #??????????????????????? | | ????# #????### #######????????????????? | | ????# #??### # #????????????????? | | ????## ##?##[ ##???????????????? | | ?????#####??#% """ #???????????????? | | ????????????# % """ ##???????????????? | | ????????????## " # #????????????????? | | ?????????????# ####????????????????? | | ????????????## d ##???????????????????? | | ????????????# @ #???????????????????? | | ???????????# # ##???????????????????? | | ???????????# ### #????????????????????? | | ???????????# #?## #????????????????????? | | ???????????# #??#d ##????????????????????? | | ???????????####???# ##???????????????????? | | ?????????????????## #????#######????????? | | ???????????????### #???## ##???????? | | ??????????????## #??## ## #????? | | ?????????????## #?## ###### | | ?????????????# ### %" | | ?????????????## ## * ###### | | ??????????????## | ] #??????? | | ???????????????### % ! ##??????? | | ?????????????????## ! ] #???????? | | ??????????????????## ## ##???????? | | ???????????????????####? % ##????????? | | ????????????????????????? ###?????????? | | ????????????????????????? ##???????????? | | ?????????????????????????? ???????????? | | ?????????????????????????? ???????????? | | ????????????????????????? ??????????? | | ????????????????????????? ## %??????????? | | ????????????????????????? ##??????????????? | | ???????????????????????? ????????????????? | +----------------------------------------------------+ Best States ------------- Heat Dissipation 25 Energy Generation 10 Energy Capacity 250 Matter Stores 300 Matter Capacity 300 Sight Range 16 Robot Scan Range 20 Terrain Scan Density 10 Evasion (%) 62 Recoil Reduction 2 Item Schematics ----------------- None Robot Schematics ------------------ None Fabricated ------------ Nothing Repaired ---------- Nothing Alien Tech Used ----------------- None Achievements -------------- None Challenges ------------ None Game ------ Seed SpliceCorruptionMachine Manual? 0 Play Time 00:15:52 Cumulative 23.9 hours Start 2025.10.08 @ 18:57:06 End 2025.10.08 @ 19:48:50 Sessions 1 Manual Loads 0 Difficulty Rogue Special Mode None Game No. 64 Rogue 57 Adventurer 7 Explorer 0 Win Type - Total 0 Types 0/0/0/0/0/0/0/0/0/0 Lore% 5 Gallery% 21 Achievement% 21 Wizard Run 0 Options --------- Layout 0 ASCII 0 Keyboard 1 Movement Vi Keybinds 0 Fullscreen 1 Font 18/SmallcapsGlow Map View 112x50 Zoom Use 0% Tactical HUD 1 Map Filters NONE Filters NONE Steam 1 RUN: c1dd80d0-0af1-4169-a1fb-870933cc3ff8